 Dungeon Crawl Stone Soup version 0.23-a0-87-g5f73bc1 (webtiles) character file.

69 GrunderHorse the Firebug (level 4, -2/24 HPs)
             Began as a Tengu Fire Elementalist on Aug 15, 2018.
             Killed by divine providence
             ... invoked by an orc priest
              (16 damage)
             ... on level 3 of the Dungeon.
             The game lasted 00:07:33 (3508 turns).

GrunderHorse the Firebug (Tengu Fire Elementalist)  Turns: 3508, Time: 00:07:34

Health: -2/24      AC:  2    Str:  8      XL:     4   Next: 20%
Magic:  2/8        EV: 13    Int: 15 (16) God:
Gold:   109        SH:  0    Dex: 14 (15) Spells: 2/8 levels left

rFire    . . .     SeeInvis .   d - +0 dagger
rCold    . . .     Gourm    .   (no shield)
rNeg     . . .     Faith    .   a - +0 robe
rPois    .         Spirit   .   (helmet restricted)
rElec    .         Reflect  .   (no cloak)
rCorr    .         Harm     .   (no gloves)
MR       .....                  (boots unavailable)
Stlth    ++........             (no amulet)
HPRegen  0.08/turn              (no ring)
MPRegen  0.11/turn              (no ring)

@: very slightly contaminated
A: beak, talons 3
a: no special abilities


You were on level 3 of the Dungeon.
You were not hungry.

You visited 1 branch of the dungeon, and saw 3 of its levels.
You also visited: Sewer.

You collected 109 gold pieces.

Inventory:

Hand Weapons
 d - a +0 dagger (weapon)
Missiles
 g - 7 tomahawks of returning (quivered)
 j - an exploding tomahawk
Armour
 a - a +0 robe (worn)
Scrolls
 b - 5 scrolls of identify {unknown}
 e - 2 scrolls of remove curse {unknown}
 i - a scroll of teleportation {unknown}
 l - a scroll of blinking {unknown}
Potions
 f - 3 potions of haste
 h - a potion of heal wounds {unknown}
Comestibles
 c - 7 rations
 k - 7 chunks of flesh


   Skills:
 + Level 3.0 Dodging
 - Level 2.0 Stealth
 + Level 2.5 Spellcasting
 + Level 2.7 Conjurations
 + Level 4.0 Fire Magic


You had 2 spell levels left.
You knew the following spells:

 Your Spells              Type           Power        Failure   Level  Hunger
a - Flame Tongue          Conj/Fire      ##...        5%          1    #......
b - Throw Flame           Conj/Fire      ##....       8%          2    ###....
c - Conjure Flame         Conj/Fire      ##......     16%         3    ###....

Your spell library contained the following spells:

 Spells                   Type           Power        Failure   Level  Hunger
 Fireball                 Conj/Fire      ##........   82%         5    ######.
 Sticky Flame             Conj/Fire      ##......     45%         4    #####..
 Inner Flame              Hex/Fire       #.......     28%         3    ###....


Dungeon Overview and Level Annotations

Branches:
Dungeon (3/15)

Altars:
Okawaru

Annotations:
D:3 2 transporters, holliwood's ghost, amateur BaAr


Innate Abilities, Weirdness & Mutations

You have a beak for a mouth.
You have claws for feet.


Message History

Confirm with . or Enter, or press ? or * to list all spells.
Aiming: Throw Flame (safe; 8% risk of failure)
Press: ? - help, Shift-Dir - straight line, f/p - orc priest
Aim: an orc priest, wielding a hand axe The puff of flame misses the orc priest.
Casting: Throw Flame (safe; 8% risk of failure)
Confirm with . or Enter, or press ? or * to list all spells.
You don't have enough magic to cast that spell.
Casting: Throw Flame (safe; 8% risk of failure)
Confirm with . or Enter, or press ? or * to list all spells.
You don't have enough magic to cast that spell.
Casting: Throw Flame (safe; 8% risk of failure)
Confirm with . or Enter, or press ? or * to list all spells.
You don't have enough magic to cast that spell.
The orc priest invokes the aid of Beogh against you.
Beogh smites you!
The orc priest calls down the wrath of Beogh upon you.
Beogh smites you!
Ouch! That really hurt!
You die...

#.Z#.....# ##≈##≈≈##≈##
#..#.##.## #≈≈≈#≈≈#≈≈≈#
#..#.##.# #≈≈≈≈≈≈#≈≈≈#
......#.##.# ##≈######≈##
ZZ....#.##.# ### #.#
#######.##.# #######÷##
©.......##.## #........#
..#######...#######.######.#
.. .........#.@.ooo...# #.#
#####......####.##.# #.#
##.##### #.##.# #.# #.#
#.o..###.# #.# #........#
#+# ##.####### #.# #)# #.#


You could see an orc priest and 2 orcs.

Vanquished Creatures
  An adder (D:2)
  2 worms (D:2)
  4 leopard geckos
  2 orcs (D:3)
  4 bats
  4 giant cockroaches
  4 goblins
  6 hobgoblins
  2 jackals (D:1)
  A quokka (D:2)
  7 frilled lizards
  4 kobolds
  8 rats
49 creatures vanquished.

Notes
Turn   | Place    | Note
-------+----------+-------------------------------------------
     0 | D:1      | GrunderHorse the Tengu Fire Elementalist began the quest for the Orb.
     0 | D:1      | Reached XP level 1. HP: 10/10 MP: 4/4
   202 | D:1      | Reached XP level 2. HP: 3/15 MP: 0/6
  1317 | D:2      | Reached XP level 3. HP: 19/19 MP: 5/7
  1351 | D:2      | Found an iron altar of Okawaru.
  1409 | D:1      | Learned a level 2 spell: Throw Flame
  1413 | D:1      | Learned a level 3 spell: Conjure Flame
  1928 | D:2      | Found a faded altar of an unknown god.
  2820 | D:2      | Reached XP level 4. HP: 24/24 MP: 5/8
  3263 | D:3      | Found a transporter.
  3263 | D:3      | Found a transporter.
  3263 | D:3      | Noticed holliwood's ghost (amateur BaAr)
  3351 | D:3      | Reached skill level 4 in Fire Magic
  3380 | D:3      | Found a glowing drain.
  3391 | Sewer    | Entered a sewer
  3461 | Sewer    | Noticed Purgy
  3508 | D:3      | Killed from afar by an orc priest

Vault maps used:
D:1:      scummos_arrival_star
D:2:      first_ration, chequers_ecumenical_altar_simple,
          okawaru_ov_weapons_minmay
D:3:      gammafunk_ghost_mausoleum, gup_sewer_entry_bubbles
Sewer:    kennysheep_door_sewer

Skill      XL: |  1  2  3  4 |
---------------+-------------+-----
Conjurations   | 2 |  2.7
Dodging        | 3 |  3.0
Fire Magic     | 4 |  4.0
Stealth        | |  2.0
Spellcasting   | |  2.5

Action                   |  1- 3 |  4- 6 || total
-------------------------+-------+-------++-------
Melee: Unarmed           |    13 |       ||    13
       Peck              |     6 |       ||     6
       Kick              |     8 |       ||     8
       Dagger            |    47 |     3 ||    50
Throw: Tomahawk          |    10 |       ||    10
 Cast: Flame Tongue      |    63 |     6 ||    69
       Throw Flame       |     9 |    10 ||    19
       Conjure Flame     |     1 |       ||     1
  Use: Potion            |     2 |       ||     2
 Stab: Sleeping          |     2 |       ||     2
  Eat: Chunk             |     7 |       ||     7
       Ration            |       |     1 ||     1
Armor: Robe              |    22 |     1 ||    23
Dodge: Dodged            |   100 |     6 ||   106

Table legend:
 A = Non-vault XP
 B = Vault XP
 C = Vault XP percentage of total XP
 D = Non-vault monster count
 E = Vault monster count
 F = Vault count percentage of total count
 G = Total turns spent on level
                 A         B        C        D         E       F
            +---------+---------+-------+---------+---------+-------
      Total |      91 |       8 |   8.1 |      44 |       5 |  10.2
            +---------+---------+-------+---------+---------+-------
        D:1 |      34 |       0 |   0.0 |      20 |       0 |   0.0
        D:2 |      48 |       0 |   0.0 |      21 |       0 |   0.0
        D:3 |       9 |       8 |  47.1 |       3 |       5 |  62.5
            +---------+---------+-------+---------+---------+-------
